 Dungeon Crawl Stone Soup version 0.30-a0-358-g0d69a1922f (webtiles) character file.

Game seed: 4146177606818416592

4017 LnG the Covert (level 10, -1/56 HPs)
             Began as a Kobold Summoner on Nov 9, 2022.
             Was a Believer of Dithmenos.
             Slain by a centaur warrior (9 damage)
             ... on level 9 of the Dungeon.
             The game lasted 00:26:37 (10255 turns).

LnG the Covert (Kobold Summoner)                   Turns: 10255, Time: 00:26:37

Health: -1/56      AC:  4    Str:  6    XL:     10   Next: 47%
Magic:  13/19      EV: 18    Int: 21    God:    Dithmenos [**....]
Gold:   55         SH:  0    Dex: 15    Spells: 8/21 levels left

rFire   . . .      SeeInvis +    m - +2 dagger (holy)
rCold   . . .      Faith    .    (no shield)
rNeg    . . .      Spirit   .    a - +0 robe
rPois   .          Reflect  .    F - +1 helmet
rElec   .          Harm     .    (no cloak)
rCorr   .          Rampage  .    (no gloves)
Will    .....                    (no boots)
Stlth   ++++++++..               (no amulet)
HPRegen 0.29/turn                c - ring of see invisible
MPRegen 0.16/turn                d - ring of flight

@: flying, wreathed by umbra
A: small, no large weapons, nightstalker 3
a: Renounce Religion, Shadow Step


You were on level 9 of the Dungeon.
You worshipped Dithmenos.
Dithmenos was pleased with you.
You visited 1 branch of the dungeon, and saw 9 of its levels.

You collected 391 gold pieces.
You spent 336 gold pieces at shops.

Inventory:

Hand Weapons
 e - a +0 dagger
 l - a +0 short sword of venom
 m - a +2 dagger of holy wrath (weapon)
 I - a +3 dagger
Armour
 a - a +0 robe (worn)
 F - a +1 helmet (worn)
Jewellery
 c - a ring of see invisible (left hand)
 d - a ring of flight (right hand)
 o - a +6 ring of strength
 v - a ring of wizardry
 J - a ring of magical power
 M - an amulet of magic regeneration
Wands
 B - a wand of acid (5)
 D - a wand of polymorph (5)
Scrolls
 i - 2 scrolls of noise
 j - 2 scrolls of butterflies
 k - 3 scrolls of amnesia
 p - 2 scrolls of silence
 q - 2 scrolls of teleportation
 r - a scroll of torment
 x - a scroll of fear {unknown}
 y - a scroll of enchant weapon {unknown}
 A - 2 scrolls of immolation {unknown}
 C - a scroll of brand weapon {unknown}
 E - 2 scrolls of magic mapping {unknown}
 K - a scroll of acquirement {unknown}
 N - a scroll of enchant armour
Potions
 b - 2 potions of magic
 f - 2 potions of curing
 g - 2 potions of heal wounds
 h - 5 potions of lignification
 n - 2 potions of degeneration
 s - 2 potions of haste {unknown}
 t - 4 potions of cancellation
 u - a potion of invisibility {unknown}
 w - a potion of attraction {unknown}
 z - a potion of brilliance {unknown}
 G - 2 potions of mutation
 H - a potion of resistance {unknown}
 L - a potion of ambrosia


   Skills:
 + Level 3.4 Fighting
 + Level 5.7 Short Blades
 * Level 7.5 Dodging
 * Level 13.3 Stealth
 + Level 6.1 Spellcasting
 + Level 6.2 Summonings


You had 8 spell levels left.
You knew the following spells:

 Your Spells              Type           Power      Damage    Failure   Level
a - Summon Small Mammal   Summ           100%       N/A       1%          1
b - Call Imp              Summ           32%        N/A       1%          2
c - Call Canine Familiar  Summ           32%        N/A       2%          3
d - Summon Guardian Gole  Hex/Summ       19%        N/A       9%          3
e - Summon Lightning Spi  Summ/Air       19%        N/A       26%         4

Your spell library contained the following spells:

 Spells                   Type           Power      Damage    Failure   Level
 Slow                     Hex            24%        N/A       10%         1
 Animate Armour           Summ/Erth      38%        N/A       26%         4
 Confusing Touch          Hex            6%         N/A       28%         3
 Stone Arrow              Conj/Erth      12%        3d7       28%         3
 Vampiric Draining        Necr           6%         2d6       28%         3
 Petrify                  Tmut/Erth      6%         N/A       67%         4
 Metabolic Englaciation   Hex/Ice        3%         N/A       95%         5
 Statue Form              Tmut/Erth      4%         N/A       100%        6
 Lehudib's Crystal Spear  Conj/Erth      3%         10d2      100%        8


Dungeon Overview and Level Annotations

Branches:
Dungeon (9/15)             Temple (0/1) D:6
   Lair: D:8-11         Orc: D:9-12

Altars:
Dithmenos
Elyvilon
Fedhas
Gozag
Hepliaklqana
Nemelex Xobeh
Xom
Yredelemnul
Lugonu

Shops:
D:4 (   D:8 :   D:9 !

Portals:
Abyss: D:8

Annotations:
D:7 3 runed translucent doors


Innate Abilities, Weirdness & Mutations

You are small and have problems with some larger weapons.
You are completely attuned to the shadows.


Message History

An electric hum fills the air.
The centaur warrior wields a +0 shortbow.
The centaur warrior shoots an arrow.
The arrow hits you!
Casting: Summon Lightning Spire (quite dangerous; 26% risk of failure)
Confirm with . or Enter, or press ? or * to list all spells.
The centaur warrior shoots an arrow.
The arrow hits you!!
The centaur warrior unwields a +0 shortbow.
The centaur warrior drinks a potion.
The centaur warrior goes berserk!
Your lightning spire shoots out a bolt of lightning at the centaur warrior!
The bolt of electricity hits the centaur warrior!
The centaur warrior hits your hound!
The centaur warrior closely misses your hound.
Your hound bites the centaur warrior but does no damage.
The centaur warrior misses your hound. The centaur warrior kicks your hound.
Your hound bites the centaur warrior but does no damage.
You hit the centaur warrior.
The centaur warrior is lightly wounded.
The centaur warrior barely misses you.
The centaur warrior kicks you but does no damage.
The centaur warrior closely misses you. The centaur warrior misses you.
Your hound bites the centaur warrior.
Unknown command.
You hit the centaur warrior but do no damage.
The centaur warrior is lightly wounded.
The centaur warrior hits you!
* * * LOW HITPOINT WARNING * * *
The centaur warrior kicks you.
* * * LOW HITPOINT WARNING * * *
Your hound bites the centaur warrior.
You swap places.
The centaur warrior misses you. The centaur warrior closely misses you.
The centaur warrior completely misses you.
The centaur warrior closely misses you.
Your hound bites the centaur warrior.
The centaur warrior hits you but does no damage.
The centaur warrior misses you.
Unknown command.
You hit the centaur warrior but do no damage.
The centaur warrior is moderately wounded.
The centaur warrior hits you!
You die...

#.............#.##
#..........#......
#..........#.##.##
#.......[.......##
#.........##.####.
###.####..(.....#.
##########.#
#...))...#.
#####......ch.)#
##...<...#.
............@.8###
#.......#.
.###.#######.....#
#.......#. #.#
#.#.#.# #.......#.
..# #...#.#
#.......## ##c#
#.#.#.# ####.####
#.#.#.# ##.##
#.....# ##...#
#.#.######....####
..
#..∩............


You could see a centaur warrior (berserk, ally target), a friendly lightning
spire (summoned) and a friendly hound (summoned).

Vanquished Creatures
  Prince Ribbit (D:7)
  A hornet (D:9)
  2 wyverns
  A water moccasin (D:7)
  2 sky beasts (D:6)
  2 orc warriors
  A black bear (D:6)
  3 centaurs
  2 kobold brigands
  5 bullfrogs
  A necrophage (D:7)
  A gnoll sergeant (D:9)
  2 scorpions
  6 wights
  3 killer bees
  2 quasits
  5 hounds
  A jelly (D:5)
  2 orc priests (D:8)
  5 orc wizards
  3 gnolls (D:7)
  5 adders
  A shadow imp (D:7)
  2 white imps (D:4)
  5 dart slugs
  16 orcs
  2 ball pythons
  6 bats
  2 endoplasms
  2 giant cockroaches
  8 hobgoblins
  10 kobolds
  4 quokkas
  A frilled lizard (D:1)
  6 goblins
  4 rats
125 creatures vanquished.

Vanquished Creatures (collateral kills)
  A water moccasin (D:7)
  An ice beast (D:8)
  An ogre (D:3)
  A scorpion (D:4)
  2 wights
  2 killer bees
  2 orc priests
  A hound (D:6)
  An iguana (D:5)
  Natasha (twice) (D:2)
  An adder (D:4)
  A shadow imp (D:3)
  2 white imps
  10 orcs
  3 endoplasms (D:1)
  2 goblins
  3 kobolds
  A quokka (D:1)
  A ball python (D:1)
38 creatures vanquished.

Vanquished Creatures (others)
  A demonic plant (D:4)
  A lurking horror (D:8)
  4 plants (D:9)
6 creatures vanquished.

Grand Total: 169 creatures vanquished

Notes
Turn   | Place    | Note
-------+----------+-------------------------------------------
     0 | D:1      | LnG the Kobold Summoner began the quest for the Orb.
     0 | D:1      | Reached XP level 1. HP: 10/10 MP: 3/3
   201 | D:1      | Reached XP level 2. HP: 13/15 MP: 3/5
   204 | D:1      | Learned a level 2 spell: Call Imp
   471 | D:1      | Reached skill level 3 in Stealth
   584 | D:1      | Reached XP level 3. HP: 17/19 MP: 6/6
   588 | D:1      | Learned a level 3 spell: Call Canine Familiar
  1101 | D:2      | Found a blossoming altar of Fedhas.
  1104 | D:2      | Noticed Natasha
  1114 | D:2      | Killed Natasha
  1115 | D:2      | Reached XP level 4. HP: 14/24 MP: 2/8
  1197 | D:2      | Reached skill level 1 in Short Blades
  1197 | D:2      | Reached skill level 4 in Stealth
  1541 | D:2      | Noticed Natasha
  1552 | D:2      | Killed Natasha
  1553 | D:2      | Reached XP level 5. HP: 22/28 MP: 1/9
  1853 | D:3      | Noticed an ogre
  1867 | D:3      | Killed an ogre
  1868 | D:3      | Reached XP level 6. HP: 11/33 MP: 3/11
  2008 | D:3      | Found a shadowy altar of Dithmenos.
  2069 | D:3      | Became a worshipper of Dithmenos the Shadowed
  2127 | D:3      | Reached skill level 5 in Stealth
  2283 | D:3      | Reached skill level 1 in Fighting
  2927 | D:3      | Reached skill level 5 in Summonings
  3286 | D:4      | Reached XP level 7. HP: 38/38 MP: 8/12
  3732 | D:4      | Found Guvemp's Antique Weapon Boutique.
  4112 | D:5      | Entered Level 5 of the Dungeon
  4376 | D:5      | Reached skill level 6 in Stealth
  4495 | D:5      | Reached * piety under Dithmenos
  4680 | D:5      | Found an opulent altar of Gozag.
  4847 | D:6      | Reached XP level 8. HP: 44/44 MP: 14/14
  5014 | D:6      | Reached skill level 7 in Stealth
  5709 | D:6      | Found a staircase to the Ecumenical Temple.
  6111 | D:6      | Reached skill level 8 in Stealth
  6529 | D:7      | Reached skill level 5 in Dodging
  6651 | D:7      | Noticed a wyvern
  6655 | D:7      | Killed a wyvern
  6656 | D:7      | Reached skill level 9 in Stealth
  6656 | D:7      | Reached XP level 9. HP: 49/49 MP: 15/15
  7015 | D:7      | Reached skill level 5 in Short Blades
  7085 | D:7      | Learned a level 3 spell: Summon Guardian Golem
  7090 | D:7      | Learned a level 4 spell: Summon Lightning Spire
  7136 | D:7      | Found a runed translucent gate.
  7168 | D:7      | Found a runed translucent gate.
  7168 | D:7      | Found a runed translucent gate.
  7169 | D:7      | Noticed an unseen horror
  7344 | D:7      | Reached skill level 10 in Stealth
  7352 | D:7      | Noticed Prince Ribbit
  7354 | D:7      | Killed Prince Ribbit
  7401 | D:7      | Reached ** piety under Dithmenos
  7578 | D:8      | Reached skill level 11 in Stealth
  7882 | D:8      | Reached skill level 5 in Spellcasting
  8026 | D:8      | Found a hazy altar of Hepliaklqana.
  8031 | D:8      | Found a white marble altar of Elyvilon.
  8034 | D:8      | Found a shimmering altar of Xom.
  8046 | D:8      | Found a sparkling altar of Nemelex Xobeh.
  8081 | D:8      | Found a one-way gate to the infinite horrors of the Abyss.
  8084 | D:8      | Found a corrupted altar of Lugonu.
  8205 | D:8      | Found Piugyun's Book Shoppe.
  8358 | D:8      | Reached skill level 12 in Stealth
  8358 | D:8      | Reached XP level 10. HP: 22/56 MP: 10/18
  9194 | D:8      | Reached skill level 13 in Stealth
  9391 | D:9      | Found Toifed's Distillery.
  9394 | D:9      | Bought a potion of cancellation for 96 gold pieces
  9394 | D:9      | Bought a potion of ambrosia for 96 gold pieces
  9394 | D:9      | Bought a potion of mutation for 96 gold pieces
  9394 | D:9      | Bought a potion of degeneration for 12 gold pieces
  9394 | D:9      | Bought a potion of lignification for 36 gold pieces
  9743 | D:9      | Found a basalt altar of Yredelemnul.
 10153 | D:9      | Noticed a centaur warrior
 10255 | D:9      | Slain by a centaur warrior

Illustrated notes

Levels and vault maps discovered:
D:1:      scummos_arrival_star, layout_basic
D:2:      layout_rooms, basic_altar, hangedman_decor_lopped, uniq_natasha
D:3:      layout_basic, grunt_dithmenos_smoke_and_mirrors
D:4:      layout_cave_pools, serial_shops, nicolae_shop_hallway_plus,
          serial_demonic, serial_demonic_e, serial_demonic_e, serial_demonic_a,
          serial_demonic_g
D:5:      layout_basic, nicolae_gozag_cash_rules_everything_around_me
D:6:      layout_layer_cave, minmay_temple_entry_waves
D:7:      layout_basic, gammafunk_ghost_split, grunt_ministairs_5,
          uniq_prince_ribbit1
D:8:      layout_rooms, grunt_temple_overflow_open, serial_shops, shop,
          chequers_serial_rivers_marsh, nrook_mini_backslash,
          amcnicky_altar_lugonu_corruption
D:9:      layout_loops_cross, kennysheep_little_box, serial_shops, shop,
          minmay_shattered_shrine

Skill      XL: |  1  2  3  4  5  6  7  8  9 10 |
---------------+-------------------------------+-----
Stealth        | 3 4 5 6 9 12 13 | 13.3
Spellcasting   | 3 4 5 6 |  6.1
Short Blades   | 1 2 3 4 5 |  5.7
Fighting       | 1 2 3 |  3.4
Dodging        | 3 5 6 7 |  7.5
Summonings     | 5 6 |  6.2

Action                   |  1- 3 |  4- 6 |  7- 9 | 10-12 || total
-------------------------+-------+-------+-------+-------++-------
Melee: Dagger            |    72 |    62 |   217 |   157 ||   508
       Short sword       |     4 |       |       |       ||     4
       Punch             |       |       |       |     2 ||     2
 Cast: Summon Small Mamm |     9 |     4 |       |       ||    13
       Call Imp          |     6 |     6 |    11 |     6 ||    29
       Call Canine Famil |     1 |     9 |    19 |     9 ||    38
       Summon Lightning  |       |       |     1 |     4 ||     5
  Use: Potion            |     1 |       |     5 |     1 ||     7
       Scroll            |       |     4 |     6 |     1 ||    11
 Stab: Sleeping          |    13 |     8 |    37 |     9 ||    67
       Distracted        |       |     1 |     3 |     3 ||     7
Armor: Robe              |    11 |    15 |    26 |    16 ||    68
Dodge: Dodged            |    52 |    63 |   182 |   168 ||   465

Table legend: (Time is in decaauts)
 A = Elapsed time spent in this place.
 B = Non-inter-level travel time spent in this place.
 C = Inter-level travel time spent in this place.
 D = Time resting spent in this place.
 E = Time spent auto-exploring this place.
 F = Levels seen in this place.
 G = Mean time per level.
                   A        B        C        D        E       F      G
               +--------+--------+--------+--------+--------+-----+--------+
         Total |  10168 |   9931 |    237 |   1587 |   6794 |   9 | 1129.8 |
       Dungeon |  10168 |   9931 |    237 |   1587 |   6794 |   9 | 1129.8 |
               +--------+--------+--------+--------+--------+-----+--------+

Top non-repeatable levels by time:
     D:6: 1477 daAuts
     D:8: 1443 daAuts
     D:3: 1283 daAuts
     D:9: 1192 daAuts
     D:7: 1187 daAuts
     D:4: 1104 daAuts
     D:1: 881 daAuts
     D:2: 830 daAuts
     D:5: 767 daAuts
